 Dungeon Crawl Stone Soup version 0.25-a0-435-g4b9beb1024 (webtiles) character file.

Game seed: 3997550574453158250, levelgen mode: deterministic

11850 Laukis the Blocker (level 11, -13/99 HPs)
             Began as a Minotaur Fighter on Jan 27, 2020.
             Was a High Priest of Okawaru.
             Mangled by a titanic slime creature (44 damage)
             ... on level 11 of the Dungeon.
             The game lasted 00:35:50 (11356 turns).

Laukis the Blocker (Minotaur Fighter)              Turns: 11356, Time: 00:35:50

Health: -13/99     AC: 23    Str: 23    XL:     11   Next: 54%
Magic:  12/12      EV:  8    Int:  5    God:    Okawaru [*****.]
Gold:   600        SH: 14    Dex: 16    Spells: 10/10 levels left

rFire    + . .     SeeInvis .   w - +3 mace (protect)
rCold    . . .     Gourm    .   c - +1 shield
rNeg     . . .     Faith    .   h - +2 chain mail {rPois}
rPois    +         Spirit   .   (helmet restricted)
rElec    .         Reflect  .   G - +0 cloak
rCorr    .         Harm     .   (no gloves)
MR       .....                  v - +0 pair of boots
Stlth    ..........             (no amulet)
HPRegen  0.26/turn              a - ring of protection from fire (curse)
MPRegen  0.13/turn              y - +5 ring of dexterity

@: protection aura
A: retaliatory headbutt, horns 2, talons 1, sturdy frame 1
a: Heroism, Finesse, Renounce Religion


You were on level 11 of the Dungeon.
You worshipped Okawaru.
Okawaru was extremely pleased with you.
You were not hungry.

You visited 2 branches of the dungeon, and saw 12 of its levels.

You collected 600 gold pieces.

Inventory:

Hand Weapons
 w - a +3 mace of protection (weapon)
Missiles
 n - 10 poisoned darts (quivered)
 H - 3 datura-tipped darts
Armour
 c - a +1 shield (worn)
 h - a +2 chain mail of poison resistance (worn)
 v - a +0 pair of boots (worn)
 G - a +0 cloak (worn)
Jewellery
 a - a cursed ring of protection from fire (left hand)
 j - a +4 ring of dexterity
 u - an uncursed ring of see invisible
 y - a +5 ring of dexterity (right hand)
 F - an uncursed ring of resist corrosion
Wands
 k - a wand of acid (6)
 r - a wand of disintegration (8)
 D - a wand of digging (2)
 E - a wand of polymorph (4)
Scrolls
 e - 3 scrolls of teleportation
 g - 5 scrolls of blinking
 m - 4 scrolls of enchant armour
 p - 2 scrolls of enchant weapon
 s - 3 scrolls of fog
 t - a scroll of random uselessness {unknown}
 x - a scroll of noise {unknown}
 A - 3 scrolls of remove curse
 B - a scroll of identify
 C - a scroll of silence {unknown}
Potions
 d - a potion of might
 i - a potion of haste
 l - a potion of agility
 o - 7 potions of curing
 q - a potion of brilliance
 z - 2 potions of heal wounds
 I - a potion of ambrosia {unknown}
Comestibles
 f - 20 rations


   Skills:
 + Level 9.6 Fighting
 * Level 12.6 Maces & Flails
 + Level 9.6 Armour
 * Level 12.7 Shields
 + Level 3.0 Invocations


You had 10 spell levels left.
You didn't know any spells.
Your spell library contained the following spells:

 Spells                   Type           Power        Failure   Level  Hunger
 Infusion                 Chrm           #...         95%         1    ##.....
 Sting                    Tmut/Pois      #...         95%         1    ##.....
 Poisonous Vapours        Pois/Air       #.....       99%         2    ###....
 Shroud of Golubria       Chrm/Tloc      #.....       99%         2    ###....
 Song of Slaying          Chrm           #.......     99%         2    ###....
 Ignite Poison            Fire/Tmut/Pois #.......     100%        3    ####...
 Mephitic Cloud           Conj/Pois/Air  #.......     100%        3    ####...
 Ozocubu's Armour         Chrm/Ice       #.......     100%        3    ####...
 Spectral Weapon          Hex/Chrm       #.......     100%        3    ####...
 Olgreb's Toxic Radiance  Pois           #.......     100%        4    #####..


Dungeon Overview and Level Annotations

Branches:
Dungeon (11/15)            Temple (1/1) D:7            Lair (0/6) D:10
    Orc: D:9-12

Altars:
Ashenzari
Cheibriados
Dithmenos
Elyvilon
Fedhas
Gozag
Hepliaklqana
Kikubaaqudgha
Makhleb
Nemelex Xobeh
Okawaru
Qazlal
Ru
Sif Muna
Trog
Uskayaw
Vehumet
Wu Jian
Xom
Yredelemnul
Zin
The Shining One

Shops:
D:5 =   D:6 }

Annotations:
D:5 4 runed translucent doors, navillus's ghost, novice GrFi
D:6 2 transporters, PeterQ's ghost, novice TrGl
D:9 Gastronok
D:10 Erolcha
D:11 1 transporter


Innate Abilities, Weirdness & Mutations

You reflexively headbutt those who attack you in melee.
You have a pair of horns on your head.
You have sharp toenails.
Your movements are slightly less encumbered by armour. (ER -2)


Message History

The titanic slime creature is moderately wounded.
The slime creature hits you!
You hit the titanic slime creature.
You headbutt the titanic slime creature.
The titanic slime creature is moderately wounded.
You block the slime creature's attack. x2
You hit the titanic slime creature.
The titanic slime creature is moderately wounded.
You block the titanic slime creature's attack.
The slime creature hits you.
The slime creature hits you but does no damage.
You sock the slime creature! You headbutt the slime creature!
The slime creature is heavily wounded.
The titanic slime creature hits you!!!
Ouch! That really hurt!
* * * LOW HITPOINT WARNING * * *
You block the slime creature's attack.
You feel much better. You block the slime creature's attack.
The titanic slime creature hits you!!!
You die...

#...###.#####.## #.#######
##^.........##.## #.#
......##.##.#...####### #.#
.####.##.########.....###.#
.####.#..##%###.####...)).#
...##.#.##).#.#[ ##.######
........#......J #..#
...#....###....J###..#
#.###..©##.....J@##©.#
##.#.##.###....J###.##
##.###.#©=..... .#.#
###.######..#$#..####
#.....# ##.###.# #.....#
##### #.....# #.# #.....#
#.# #.....# #.#


You could see a titanic slime creature and 3 slime creatures.

Vanquished Creatures
  A hydra (D:8)
  Pikel (D:6)
  A centaur zombie (D:11)
  Maurice (D:9)
  A yaktaur (D:9)
  A troll (D:8)
  2 dream sheep (D:8)
  3 hippogriffs
  A wyvern (D:10)
  5 yaks
  A vampire (D:10)
  A basilisk (D:9)
  3 wargs (D:10)
  A soldier ant (D:5)
  A water moccasin (D:10)
  Duvessa (D:7)
  5 ice beasts
  2 sky beasts
  7 phantoms
  4 orc warriors
  A necrophage (D:8)
  6 ogres
  14 centaurs
  6 big kobolds
  6 bullfrogs
  A wyvern zombie (D:10)
  6 scorpions
  A wyvern skeleton (D:10)
  Dowan (D:7)
  5 wights (D:11)
  4 howler monkeys
  2 crimson imps
  4 jellies
  2 quasits
  3 centaur skeletons
  4 hounds
  9 orc priests
  7 orc wizards
  2 bullfrog skeletons
  Terence (D:2)
  2 iguanas (D:11)
  18 worker ants
  A killer bee zombie (D:6)
  2 hound zombies (D:10)
  A hound skeleton (D:10)
  A howler monkey zombie (D:5)
  4 gnolls (D:6)
  7 adders
  5 shadow imps
  An ooze (D:3)
  An adder zombie (D:5)
  3 adder skeletons
  A dart slug (D:1)
  9 leopard geckos
  53 orcs
  5 bats
  5 giant cockroaches
  12 goblins
  5 hobgoblins
  5 jackals
  7 quokkas
  2 ball pythons
  7 frilled lizards
  A jackal skeleton (D:4)
  22 kobolds
  2 leopard gecko skeletons
  A quokka skeleton (D:9)
  A quokka zombie (D:5)
  7 rats
  A butterfly (D:5)
  A plant (D:1)
321 creatures vanquished.

Vanquished Creatures (others)
  An orc wizard (D:9)
  A hobgoblin (D:3)
  A quokka (D:3)
3 creatures vanquished.

Grand Total: 324 creatures vanquished

Notes
Turn   | Place    | Note
-------+----------+-------------------------------------------
     0 | D:1      | Laukis the Minotaur Fighter began the quest for the Orb.
     0 | D:1      | Reached XP level 1. HP: 19/19 MP: 0/0
   177 | D:1      | Reached XP level 2. HP: 27/27 MP: 1/1
   737 | D:2      | Reached XP level 3. HP: 29/33 MP: 2/2
  1082 | D:2      | Noticed Terence
  1091 | D:2      | Killed Terence
  1192 | D:2      | Found an ancient bone altar of Kikubaaqudgha.
  1305 | D:2      | Found a shimmering altar of Xom.
  1500 | D:3      | Reached XP level 4. HP: 39/40 MP: 3/3
  1728 | D:3      | Found a white marble altar of Elyvilon.
  1845 | D:3      | Noticed an ice beast
  1859 | D:3      | Killed an ice beast
  1859 | D:3      | Reached skill level 5 in Shields
  1859 | D:3      | Reached XP level 5. HP: 39/47 MP: 4/4
  2468 | D:4      | Reached XP level 6. HP: 48/53 MP: 5/5
  2550 | D:4      | Reached skill level 5 in Maces & Flails
  2693 | D:4      | Reached skill level 5 in Fighting
  2791 | D:4      | Reached skill level 5 in Armour
  2847 | D:4      | Found a hide-covered altar of Uskayaw.
  3180 | D:4      | Reached XP level 7. HP: 61/61 MP: 6/6
  3524 | D:5      | Entered Level 5 of the Dungeon
  3552 | D:5      | Found a runed translucent gate.
  3554 | D:5      | Identified the +4 whip of the Ten Spirits {chaos, Str+5}
  3554 | D:5      | Noticed navillus's ghost (novice GrFi)
  3555 | D:5      | Found a runed translucent gate.
  3556 | D:5      | Found a runed translucent gate.
  3710 | D:5      | Found a runed translucent door.
  3721 | D:5      | Found a runed translucent door.
  3747 | D:5      | Found Voaseg's Jewellery Boutique.
  4110 | D:5      | Found a shimmering blue altar of Sif Muna.
  4246 | D:5      | Found a glowing golden altar of the Shining One.
  4386 | D:5      | Reached XP level 8. HP: 67/70 MP: 7/7
  5119 | D:6      | Found a transporter.
  5122 | D:6      | Noticed PeterQ's ghost (novice TrGl)
  5164 | D:6      | Found a transporter.
  5250 | D:6      | Found Besaon's Gadget Boutique.
  5330 | D:6      | Reached XP level 9. HP: 77/78 MP: 8/8
  5517 | D:6      | Found a glowing silver altar of Zin.
  5651 | D:7      | Noticed Pikel
  5665 | D:6      | Killed Pikel
  5757 | D:7      | Found a staircase to the Ecumenical Temple.
  5776 | Temple   | Entered the Ecumenical Temple
  5984 | Temple   | Became a worshipper of Warmaster Okawaru
  6284 | D:7      | Noticed Duvessa
  6284 | D:7      | Noticed Dowan
  6293 | D:7      | Killed Dowan
  6303 | D:7      | Killed Duvessa
  6418 | D:8      | Found a stormy altar of Qazlal.
  6438 | D:8      | Reached skill level 10 in Shields
  6626 | D:8      | Found a hazy altar of Hepliaklqana.
  6677 | D:8      | Found a bloodstained altar of Trog.
  6698 | D:8      | Found a shadowy altar of Dithmenos.
  6896 | D:8      | Reached skill level 10 in Maces & Flails
  6924 | D:8      | Reached * piety under Okawaru
  6937 | D:8      | Reached XP level 10. HP: 87/87 MP: 9/9
  6967 | D:8      | Noticed a two-headed hydra
  6979 | D:8      | Killed a two-headed hydra
  7185 | D:9      | Reached ** piety under Okawaru
  7282 | D:9      | Found a sacrificial altar of Ru.
  7297 | D:9      | Noticed Gastronok
  7384 | D:9      | Noticed Maurice
  8473 | D:9      | Found an ornate altar of the Wu Jian Council.
  8530 | D:9      | Killed Maurice
  8530 | D:9      | Reached *** piety under Okawaru
  8874 | D:10     | Entered Level 10 of the Dungeon
  8885 | D:10     | Reached skill level 1 in Invocations
  9115 | D:10     | Noticed Erolcha
  9310 | D:10     | Reached XP level 11. HP: 96/96 MP: 11/11
  9319 | D:10     | Gained mutation: You have sharp toenails. [potion of
                  | mutation]
  9319 | D:10     | Gained mutation: Your movements are slightly less
                  | encumbered by armour. (ER -2) [potion of mutation]
  9576 | D:10     | Found a staircase to the Lair.
  9628 | D:10     | Reached **** piety under Okawaru
 10588 | D:11     | Found a transporter.
 10595 | D:11     | Found a transporter.
 11187 | D:11     | Reached ***** piety under Okawaru
 11203 | D:11     | Found an opulent altar of Gozag.
 11356 | D:11     | Mangled by a titanic slime creature

Levels and vault maps discovered:
D:1:      evilmike_arrival_crescent, layout_rooms, lexackson_kobold_supper
D:2:      cheibrodos_helix_gallery, layout_loops_ring, kiku_gazebo_pond_becter,
          tgw_xom, first_ration, minmay_misc_feat_five, uniq_terence
D:3:      layout_basic, elyvilon_altar_4
D:4:      layout_cave_pods, eat_drink_and_be_merry_uskayaw,
          minmay_misc_feat_hallway
D:5:      lemuel_insect_pit, layout_loops_cross, lemuel_round_altar,
          kennysheep_mini, gammafunk_ghost_nasty_kobolds, serial_shops,
          shop_statue
D:6:      layout_basic, overflow_temple_1_default, serial_shops,
          nicolae_shop_statue_plus, gammafunk_ghost_arena
D:7:      layout_cave_pools, minmay_temple_entry_statues_pillars, uniq_pikel,
          uniq_duvessa
D:8:      layout_basic, old_standard_altar, kennysheep_little_box, bloody_trog,
          old_standard_altar, hangedman_ranch [blue_anna_fruit_fields]
D:9:      minmay_distorted_concentric_squares, layout_rooms,
          nicolae_overflow_crystal_walls, overflow_temple_1_default,
          uniq_maurice, uniq_gastronok
D:10:     layout_irregular_city, erik_lair_orcish_takeover, enter_bailey_3,
          uniq_erolcha
D:11:     gammafunk_jiyva_shrine, layout_loops_cross, amethyst_killhole,
          chequers_mini_garden, grunt_gozag_breadcrumbs
Temple:   jpeg_temple_island

Skill      XL: |  1  2  3  4  5  6  7  8  9 10 11 |
---------------+----------------------------------+-----
Shields        | 4 5 6 7 8 10 12 | 12.7
Maces & Flails | 3 4 5 6 8 10 11 12 | 12.6
Fighting       | 4 5 6 8 9 |  9.6
Armour         | 4 5 6 7 9 |  9.6
Invocations    | 1 3 |  3.0

Action                   |  1- 3 |  4- 6 |  7- 9 | 10-12 || total
-------------------------+-------+-------+-------+-------++-------
Melee: Flail             |   108 |     9 |       |       ||   117
       Headbutt          |    19 |    25 |   106 |   153 ||   303
       Mace              |       |    85 |   334 |   514 ||   933
       Unarmed           |       |       |       |     4 ||     4
Invok: Heroism           |       |       |       |     1 ||     1
  Use: Scroll            |       |     5 |     3 |     7 ||    15
       Potion            |       |       |       |     2 ||     2
 Stab: Confused          |       |       |       |     1 ||     1
  Eat: Chunk             |     2 |     5 |    10 |    10 ||    27
       Ration            |       |       |     1 |     2 ||     3
Armor: Scale mail        |    37 |    45 |    99 |   103 ||   284
       Chain mail        |       |       |       |    56 ||    56
Dodge: Dodged            |    27 |    16 |    68 |    95 ||   206
Block: Shield            |    47 |    62 |   194 |   336 ||   639

Table legend:
 A = Non-vault XP
 B = Vault XP
 C = Vault XP percentage of total XP
 D = Non-vault monster count
 E = Vault monster count
 F = Vault count percentage of total count
                 A         B        C        D         E       F
            +---------+---------+-------+---------+---------+-------
      Total |   11470 |    5459 |  32.2 |     267 |      52 |  16.3
            +---------+---------+-------+---------+---------+-------
        D:1 |      25 |      12 |  32.4 |      15 |       8 |  34.8
        D:2 |      18 |      38 |  67.9 |      11 |       3 |  21.4
        D:3 |     185 |       0 |   0.0 |      18 |       0 |   0.0
        D:4 |     625 |       0 |   0.0 |      23 |       0 |   0.0
        D:5 |     572 |     475 |  45.4 |      25 |      12 |  32.4
        D:6 |    1004 |     685 |  40.6 |      33 |       1 |   2.9
        D:7 |     427 |     216 |  33.6 |       6 |       2 |  25.0
        D:8 |    1108 |    2200 |  66.5 |      14 |       8 |  36.4
        D:9 |    1281 |    1128 |  46.8 |      29 |       5 |  14.7
       D:10 |    2622 |     705 |  21.2 |      51 |      13 |  20.3
       D:11 |    3603 |       0 |   0.0 |      42 |       0 |   0.0
            +---------+---------+-------+---------+---------+-------
